 Dungeon Crawl Stone Soup version 0.29-a0-648-g6b26cc9f40 (webtiles) character file.

Game seed: 4380158636856974485

28 ZappyNine the Skirmisher (level 2, -1/25 HPs)
             Began as a Palentonga Warper on June 20, 2022.
             Slain by Terence
             ... wielding a +0 mace
              (6 damage)
             ... on level 2 of the Dungeon.
             The game lasted 00:01:24 (1570 turns).

ZappyNine the Skirmisher (Palentonga Warper)        Turns: 1570, Time: 00:01:25

Health: -1/25      AC:  4    Str: 14    XL:     2   Next: 96%
Magic:  11/14      EV:  9    Int: 13    God:
Gold:   55         SH:  0    Dex:  9    Spells: 3/5 levels left

rFire   . . .      SeeInvis +   n - +2 mace (holy)
rCold   . . .      Faith    .   (no shield)
rNeg    . . .      Spirit   .   b - +0 leather armour
rPois   .          Reflect  .   (no helmet)
rElec   .          Harm     .   (no cloak)
rCorr   .          Rampage  .   (no gloves)
Will    .....                   (no barding)
Stlth   +.........              (no amulet)
HPRegen 0.08/turn               e - ring of magical power
MPRegen 0.14/turn               (no ring)

@: no status effects
A: large, rugged brown scales 3, see invisible, deformed body, roll 1, armoured
tail
a: Rolling Charge


You were on level 2 of the Dungeon.
You visited 1 branch of the dungeon, and saw 2 of its levels.

You collected 55 gold pieces.

Inventory:

Hand Weapons
 a - a +0 mace
 n - a +2 mace of holy wrath (weapon)
Missiles
 d - 7 boomerangs of dispersal (quivered)
Armour
 b - a +0 leather armour (worn)
Jewellery
 e - a ring of magical power (left hand)
 s - an amulet of regeneration
Scrolls
 c - a scroll of blinking
 j - a scroll of poison {unknown}
 l - a scroll of fear {unknown}
 m - 2 scrolls of fog {unknown}
 p - a scroll of enchant armour {unknown}
 r - a scroll of teleportation {unknown}
Potions
 f - 3 potions of curing {unknown}
 g - a potion of attraction {unknown}
 h - a potion of flight {unknown}
 i - a potion of heal wounds {unknown}
 k - a potion of might {unknown}
 o - a potion of lignification {unknown}
 q - a potion of cancellation {unknown}


   Skills:
 + Level 3.2 Fighting
 - Level 2.0 Maces & Flails
 - Level 0.6 Throwing
 - Level 0.7 Armour
 - Level 1.5 Dodging
 + Level 2.2 Spellcasting
 - Level 3.0 Translocations


You had 3 spell levels left.
You knew the following spells:

 Your Spells              Type           Power      Damage    Failure   Level
a - Blink                 Tloc           18%        N/A       14%         2

Your spell library contained the following spells:

 Spells                   Type           Power      Damage    Failure   Level
 Gell's Gravitas          Tloc           9%         N/A       28%         3
 Lesser Beckoning         Tloc           9%         N/A       28%         3
 Teleport Other           Tloc           9%         N/A       28%         3
 Tukima's Dance           Hex            1%         N/A       67%         3
 Passage of Golubria      Tloc           9%         N/A       67%         4
 Manifold Assault         Tloc           9%         N/A       95%         5
 Yara's Violent Unravell  Hex/Tmut       0%         3d3       100%        5


Dungeon Overview and Level Annotations

Branches:
Dungeon (2/15)

Altars:

Annotations:
D:2 Terence


Innate Abilities, Weirdness & Mutations

You are completely covered in rugged brown scales. (AC +3, +7% HP)
You have supernaturally acute eyesight. (SInv)
Armour fits poorly on your strangely shaped body.
You can roll at nearby foes to attack.
You have a long armoured tail.


Message History

Found a scroll labelled DEPHOT VYOVEV.
Terence is nearby!
Terence is nearby!
Terence is nearby!
There is an open door here.
Roll where?
Press: ? - help, Dir - move target, f - Terence
Aim: Terence, wielding a +0 mace and wearing a +0 chain mail You roll forward with a clatter of scales!
You barely miss Terence.
You tail-slap Terence, but do no damage.
Terence hits you but does no damage. Terence barely misses you.
Unknown command.
Terence is nearby!
You closely miss Terence. Terence hits you with a +0 mace!
You closely miss Terence. Terence hits you with a +0 mace.
You hit Terence.
Terence is lightly wounded.
Terence hits you with a +0 mace. x2
* * * LOW HITPOINT WARNING * * *
Casting: Blink (safe; 14% risk of failure)
Confirm with . or Enter, or press ? or * to list all spells.
You miscast Blink.
You are very lightly contaminated with residual magic.
Nothing appears to happen.
Terence barely misses you.
Casting: Blink (safe; 14% risk of failure)
Confirm with . or Enter, or press ? or * to list all spells.
You blink.
Unknown command.
As you open the door, it creaks loudly!
There is an open door here.
Casting: Blink (safe; 14% risk of failure)
Confirm with . or Enter, or press ? or * to list all spells.
You are still too unstable to blink.
Unknown command.
Found a scroll labelled BAHECI OKHLU.
You feel stable enough to blink again.
Your magical contamination has completely faded away.
Terence attacks as you move away! Terence hits you with a +0 mace.
You die...

##...####.....?...#
#.......'.........+
##...####.........#
##..# ##.......##
#..# ##.....## #.##
##...## #.# ##'##
#. #@# #. #@# #.#
... ..... ##...?#
...... ##.#.##
#.#.#


You could see Terence.

Vanquished Creatures
  A dart slug (D:1)
  2 ball pythons (D:1)
  4 endoplasms
  A hobgoblin (D:2)
  4 jackals (D:2)
  A bat (D:2)
  2 frilled lizards
  2 goblins (D:1)
  3 kobolds (D:2)
  3 rats (D:1)
  A spectral hobgoblin (D:1)
24 creatures vanquished.

Notes
Turn   | Place    | Note
-------+----------+-------------------------------------------
     0 | D:1      | ZappyNine the Palentonga Warper began the quest for the
                  | Orb.
     0 | D:1      | Reached XP level 1. HP: 17/17 MP: 3/3
   164 | D:1      | Found a faded altar of an unknown god.
   266 | D:1      | Reached XP level 2. HP: 15/24 MP: 5/5
   720 | D:1      | Learned a level 2 spell: Blink
  1556 | D:2      | Noticed Terence
  1570 | D:2      | Slain by Terence

Illustrated notes

Levels and vault maps discovered:
D:1:      saegor_arrival_simple_c, layout_loops_ring,
          dreamdust_ecumenical_altar_drowned_temple, minmay_misc_feat_nine_boxes
D:2:      layout_loops_corners, basic_altar, uniq_terence

Skill      XL: |  1  2 |
---------------+-------+-----
Fighting       | 3 |  3.2
Maces & Flails | |  2.0
Throwing       | |  0.6
Armour         | |  0.7
Dodging        | |  1.5
Spellcasting   | |  2.2
Translocations | |  3.0

Action                   || total
-------------------------++-------
Melee: Mace              ||    68
       Tailslap          ||     7
 Cast: Blink             ||     1
 Abil: Rolling Charge    ||     6
Armor: Leather armour    ||    43
Dodge: Dodged            ||    24

Table legend: (Time is in decaauts)
 A = Elapsed time spent in this place.
 B = Non-inter-level travel time spent in this place.
 C = Inter-level travel time spent in this place.
 D = Time resting spent in this place.
 E = Time spent auto-exploring this place.
 F = Levels seen in this place.
 G = Mean time per level.
                   A        B        C        D        E       F      G
               +--------+--------+--------+--------+--------+-----+--------+
         Total |   1595 |   1548 |     47 |      0 |   1359 |   2 |  797.5 |
       Dungeon |   1595 |   1548 |     47 |      0 |   1359 |   2 |  797.5 |
               +--------+--------+--------+--------+--------+-----+--------+

Top non-repeatable levels by time:
     D:1: 1066 daAuts
     D:2: 528 daAuts
